TOP OF THE 1ST |
Columbia Fireflies batting - Pitching for Tulsa Drillers : RHP Eddie Usrey
|
Pitching: RHP Eddie Usrey
|
|
Batting: RHB Omar Novoa
|
0-0: Ball 1-0: SINGLE (Groundball, 6D, EV 94.4 MPH)
|
Batting: RHB Elias Urbina
|
0-0: Ball 1-0: Ball 2-0: Foul Ball, location: 2F 2-1: Swinging Strike 2-2: Foul Ball, location: 2F 2-2: Foul Ball, location: 2F 2-2: Strikes out swinging
|
Batting: LHB Tony Leyba
|
0-0: Swinging Strike 0-1: Ball 1-1: Foul Ball, location: 2F 1-2: Strikes out swinging
|
Batting: SHB Masatoshi Akahoshi
|
0-0: Ball 1-0: Ball 2-0: Called Strike Pickoff Throw by Catcher to First - Error! E2 Omar Novoa to second 2-1: Ball 3-1: Called Strike 3-2: Strikes out looking
|
Top of the 1st over - 0 runs, 1 hit, 1 error, 1 left on base; Columbia 0 - Tulsa 0 |
BOTTOM OF THE 1ST |
Tulsa Drillers batting - Pitching for Columbia Fireflies : LHP Ricardo Chavez
|
Pitching: LHP Ricardo Chavez
|
|
Batting: RHB Josh Crenwelge
|
0-0: Ground out 5-3 (Groundball, 56, EV 100.0 MPH)
|
Batting: RHB Daniel Samano
|
0-0: Ball 1-0: Ground out U3 (Groundball, 3, EV 94.4 MPH)
|
Batting: RHB Jonathan Kirsch
|
0-0: Swinging Strike 0-1: Foul Ball, location: 2F 0-2: Ball 1-2: Strikes out swinging
|
Bottom of the 1st over - 0 runs, 0 hits, 0 errors, 0 left on base; Columbia 0 - Tulsa 0 |
TOP OF THE 2ND |
Columbia Fireflies batting - Pitching for Tulsa Drillers : RHP Eddie Usrey
|
Batting: RHB Jose Lara
|
0-0: Ball 1-0: Called Strike 1-1: Fly out, F3 (Line Drive, 34, EV 71.2 MPH)
|
Batting: RHB Andy Carrell
|
0-0: Ball 1-0: Called Strike 1-1: SINGLE (Groundball, 6MD, EV 99.4 MPH)
|
Batting: RHB Dan Muse
|
0-0: SINGLE (Groundball, 56S, EV 67.5 MPH) (infield hit) Andy Carrell to second
|
Batting: RHB Fathi Addae
|
0-0: Foul Ball, location: 2F 0-1: Fielders Choice at 2nd, 3-6 (Groundball, 34, EV 84.4 MPH) Andy Carrell to third
|
Batting: RHB David Reyna
|
0-0: Called Strike 0-1: Foul Ball, location: 2F 0-2: Fly out, F7 (Flyball, 7LS, EV 86.2 MPH)
|
Top of the 2nd over - 0 runs, 2 hits, 0 errors, 2 left on base; Columbia 0 - Tulsa 0 |
BOTTOM OF THE 2ND |
Tulsa Drillers batting - Pitching for Columbia Fireflies : LHP Ricardo Chavez
|
Batting: RHB Nick Getz
|
0-0: Ball 1-0: Foul Ball, location: 2F 1-1: Ball 2-1: Foul Ball, location: 2F 2-2: Foul Ball, location: 2F 2-2: Fly out, F6 (Popup, 6M, EV 61.9 MPH)
|
Batting: SHB Nate Kopchak
|
0-0: Swinging Strike 0-1: Ball 1-1: Ball 2-1: Called Strike 2-2: Ball 3-2: Base on Balls
|
Batting: RHB Marcos Villalobos
|
0-0: Ball 1-0: Foul Ball, location: 2F 1-1: Called Strike 1-2: Ball 2-2: Ball 3-2: Foul Ball, location: 2F 3-2: SINGLE (Groundball, 34, EV 99.4 MPH) Nate Kopchak to second Runner from 2nd tries for 3rd, SAFE, no throw by RF
|
Batting: LHB Chris Buchan
|
0-0: Ball Marcos Villalobos is caught stealing 2nd base 2-6 1-0: Fly out, F8 (Flyball, 8RM, EV 81.9 MPH)
|
Bottom of the 2nd over - 0 runs, 1 hit, 0 errors, 1 left on base; Columbia 0 - Tulsa 0 |
TOP OF THE 3RD |
Columbia Fireflies batting - Pitching for Tulsa Drillers : RHP Eddie Usrey
|
Batting: RHB Omar Novoa
|
0-0: Ball 1-0: Ball 2-0: Ball 3-0: Base on Balls
|
Batting: RHB Elias Urbina
|
0-0: Called Strike 0-1: Ball Omar Novoa is caught stealing 2nd base 2-4 1-1: Foul Ball, location: 2F 1-2: Ball 2-2: Ground out U3 (Groundball, 3S, EV 85.0 MPH)
|
Batting: LHB Tony Leyba
|
0-0: Ball 1-0: Foul Ball, location: 2F 1-1: SINGLE (Line Drive, 6D, EV 106.9 MPH)
|
Batting: SHB Masatoshi Akahoshi
|
0-0: Ball 1-0: Foul Ball, location: 2F 1-1: Foul Ball, location: 2F 1-2: Reached on error, E5 (Groundball, 56S, EV 86.2 MPH) Tony Leyba to second
|
Batting: RHB Jose Lara
|
0-0: Ball 1-0: Fly out, F9 (Flyball, 89M, EV 90.0 MPH)
|
Top of the 3rd over - 0 runs, 1 hit, 1 error, 2 left on base; Columbia 0 - Tulsa 0 |
BOTTOM OF THE 3RD |
Tulsa Drillers batting - Pitching for Columbia Fireflies : LHP Ricardo Chavez
|
Batting: SHB Justin Toth
|
0-0: Called Strike 0-1: Ground out 5-3 (Groundball, 56, EV 106.9 MPH)
|
Batting: RHB Aaron Burress
|
0-0: Ball 1-0: Called Strike 1-1: Called Strike 1-2: Ball 2-2: Fly out, F8 (Flyball, 8RD, EV 95.6 MPH)
|
Batting: RHB Josh Crenwelge
|
0-0: Ball 1-0: Called Strike 1-1: Swinging Strike 1-2: Strikes out swinging
|
Bottom of the 3rd over - 0 runs, 0 hits, 0 errors, 0 left on base; Columbia 0 - Tulsa 0 |
TOP OF THE 4TH |
Columbia Fireflies batting - Pitching for Tulsa Drillers : RHP Eddie Usrey
|
Batting: RHB Andy Carrell
|
0-0: Ground out 6-3 (Groundball, 6S, EV 90.6 MPH)
|
Batting: RHB Dan Muse
|
0-0: Called Strike 0-1: Fly out, F7 (Flyball, 78S, EV 85.0 MPH)
|
Batting: RHB Fathi Addae
|
0-0: Foul Ball, location: 2F 0-1: Ball 1-1: Swinging Strike 1-2: Strikes out looking
|
Top of the 4th over - 0 runs, 0 hits, 0 errors, 0 left on base; Columbia 0 - Tulsa 0 |
BOTTOM OF THE 4TH |
Tulsa Drillers batting - Pitching for Columbia Fireflies : LHP Ricardo Chavez
|
Batting: RHB Daniel Samano
|
0-0: Ball 1-0: Called Strike 1-1: Swinging Strike 1-2: Strikes out looking
|
Batting: RHB Jonathan Kirsch
|
0-0: SINGLE (Line Drive, 5D, EV 95.6 MPH)
|
Batting: RHB Nick Getz
|
0-0: Ball 1-0: Called Strike 1-1: Called Strike 1-2: 2-RUN HOME RUN (Flyball, 7D, EV 96.2 MPH), Distance : 357 ft
|
Batting: SHB Nate Kopchak
|
0-0: Called Strike 0-1: Foul Ball, location: 2F 0-2: Ball 1-2: Ball 2-2: Strikes out swinging
|
Batting: RHB Marcos Villalobos
|
0-0: Called Strike 0-1: Ball 1-1: Ball 2-1: Fly out, F9 (Flyball, 89S, EV 96.2 MPH)
|
Bottom of the 4th over - 2 runs, 2 hits, 0 errors, 0 left on base; Columbia 0 - Tulsa 2 |
TOP OF THE 5TH |
Columbia Fireflies batting - Pitching for Tulsa Drillers : RHP Eddie Usrey
|
Batting: RHB David Reyna
|
0-0: Ball 1-0: Ground out 5-3 (Groundball, 56S, EV 67.5 MPH)
|
Batting: RHB Omar Novoa
|
0-0: Ball 1-0: Swinging Strike 1-1: Called Strike 1-2: Ball 2-2: Strikes out swinging
|
Batting: RHB Elias Urbina
|
0-0: Ball 1-0: Called Strike 1-1: Swinging Strike 1-2: Ball 2-2: Ground out 6-3 (Groundball, 6, EV 89.4 MPH)
|
Top of the 5th over - 0 runs, 0 hits, 0 errors, 0 left on base; Columbia 0 - Tulsa 2 |
BOTTOM OF THE 5TH |
Tulsa Drillers batting - Pitching for Columbia Fireflies : LHP Ricardo Chavez
|
Batting: LHB Chris Buchan
|
0-0: Ball 1-0: Ball 2-0: Foul Ball, location: 2F 2-1: Called Strike 2-2: Foul Ball, location: 2F 2-2: Foul Ball, location: 2F 2-2: Ball 3-2: Fly out, F8 (Line Drive, 8RD, EV 83.8 MPH)
|
Batting: SHB Justin Toth
|
0-0: Foul Ball, location: 2F 0-1: Called Strike 0-2: Fly out, F6 (Popup, 6MD, EV 43.8 MPH)
|
Batting: RHB Aaron Burress
|
0-0: Ground out 4-3 (Groundball, 4MS, EV 83.1 MPH)
|
Bottom of the 5th over - 0 runs, 0 hits, 0 errors, 0 left on base; Columbia 0 - Tulsa 2 |
TOP OF THE 6TH |
Columbia Fireflies batting - Pitching for Tulsa Drillers : RHP Eddie Usrey
|
Batting: LHB Tony Leyba
|
0-0: SINGLE (Groundball, 6MS, EV 95.6 MPH)
|
Batting: SHB Masatoshi Akahoshi
|
0-0: Ball 1-0: Ball 2-0: Ball 3-0: Called Strike 3-1: Foul Ball, location: 2F 3-2: SINGLE (Groundball, 6MS, EV 63.1 MPH) (infield hit) Tony Leyba to second
|
Batting: RHB Jose Lara
|
0-0: Called Strike 0-1: Ball 1-1: Ground out 6-3 (Groundball, 6MS, EV 73.1 MPH) Tony Leyba to third Masatoshi Akahoshi to second
|
Batting: RHB Andy Carrell
|
0-0: Ball 1-0: SINGLE (Groundball, 23, EV 68.8 MPH) (infield hit)
|
Batting: RHB Dan Muse
|
0-0: Ball 1-0: Called Strike 1-1: Ball 2-1: Fly out, F8 (Flyball, 78XD, EV 97.5 MPH) Runner from 3rd tags up, SCORES, no throw by CF Masatoshi Akahoshi to third
|
Batting: RHB Fathi Addae
|
0-0: Called Strike 0-1: Ball 1-1: Fly out, F8 (Flyball, 8RD, EV 99.4 MPH)
|
Top of the 6th over - 1 run, 3 hits, 0 errors, 2 left on base; Columbia 1 - Tulsa 2 |
BOTTOM OF THE 6TH |
Tulsa Drillers batting - Pitching for Columbia Fireflies : LHP Ricardo Chavez
|
Batting: RHB Josh Crenwelge
|
0-0: Swinging Strike 0-1: Ball 1-1: Foul Ball, location: 2F 1-2: Ball 2-2: Foul Ball, location: 2F 2-2: Foul Ball, location: 2F 2-2: SINGLE (Groundball, 6M, EV 88.8 MPH) (infield hit)
|
Batting: RHB Daniel Samano
|
0-0: Ball Wild Pitch! Josh Crenwelge to second 1-0: Ball 2-0: Foul Ball, location: 2F 2-1: Ball 3-1: 2-RUN HOME RUN (Flyball, 7LD, EV 96.2 MPH), Distance : 349 ft
|
Batting: RHB Jonathan Kirsch
|
0-0: SOLO HOME RUN (Flyball, 78XD, EV 98.8 MPH), Distance : 359 ft
|
Pitching: LHP Keith Noftall
|
|
Batting: RHB Nick Getz
|
0-0: Called Strike 0-1: Swinging Strike 0-2: Ball 1-2: Strikes out swinging
|
Batting: SHB Nate Kopchak
|
0-0: Ball 1-0: Foul Ball, location: 2F 1-1: Ball 2-1: Swinging Strike 2-2: Foul Ball, location: 2F 2-2: Ball 3-2: Foul Ball, location: 2F 3-2: Foul Ball, location: 2F 3-2: SINGLE (Groundball, 6, EV 98.8 MPH)
|
Batting: RHB Marcos Villalobos
|
0-0: Ball 1-0: SINGLE (Flyball, 8RS, EV 85.6 MPH) Nate Kopchak to second Runner from 2nd tries for 3rd, SAFE, no throw by CF
|
Batting: LHB Chris Buchan
|
0-0: Called Strike 0-1: Called Strike 0-2: Foul Ball, location: 2F 0-2: Strikes out swinging
|
Batting: SHB Justin Toth
|
0-0: Called Strike 0-1: Ball 1-1: Ball 2-1: Ball 3-1: DOUBLE (Line Drive, 89XD, EV 106.9 MPH) Nate Kopchak scores Marcos Villalobos to third
|
Pitching: LHP Bubba Fields
|
|
Batting: RHB Aaron Burress
|
0-0: SINGLE (Groundball, 4D, EV 98.1 MPH) Marcos Villalobos scores Justin Toth to third Runner from 3rd tries for Home, SAFE, throw by CF to home
|
Batting: RHB Josh Crenwelge
|
0-0: Ball 1-0: Swinging Strike 1-1: DOUBLE (Line Drive, 7LM, EV 103.8 MPH) Aaron Burress to third
|
Batting: RHB Daniel Samano
|
0-0: Ball 1-0: Foul Ball, location: 2F 1-1: Swinging Strike 1-2: SINGLE (Groundball, 56D, EV 104.4 MPH) Aaron Burress scores Josh Crenwelge to third
|
Batting: RHB Jonathan Kirsch
|
0-0: Called Strike 0-1: Called Strike 0-2: Ball 1-2: Ground out 1-3 (Groundball, 34S, EV 67.5 MPH)
|
Bottom of the 6th over - 7 runs, 9 hits, 0 errors, 2 left on base; Columbia 1 - Tulsa 9 |
TOP OF THE 7TH |
Columbia Fireflies batting - Pitching for Tulsa Drillers : RHP Eddie Usrey
|
Batting: RHB David Reyna
|
0-0: Called Strike 0-1: Ball 1-1: Called Strike 1-2: Fly out, F7 (Flyball, 7LM, EV 101.9 MPH)
|
Batting: RHB Omar Novoa
|
0-0: Ground out 5-3 (Groundball, 56, EV 78.1 MPH)
|
Batting: RHB Elias Urbina
|
0-0: Ball 1-0: Foul Ball, location: 2F 1-1: Foul Ball, location: 2F 1-2: Ground out U3 (Groundball, 3, EV 88.8 MPH)
|
Top of the 7th over - 0 runs, 0 hits, 0 errors, 0 left on base; Columbia 1 - Tulsa 9 |
BOTTOM OF THE 7TH |
Tulsa Drillers batting - Pitching for Columbia Fireflies : LHP Bubba Fields
|
Pinch Hitting: LHB Chris Barrera
|
0-0: Swinging Strike 0-1: Ball 1-1: Ball 2-1: Fly out, F8 (Flyball, 8LM, EV 93.1 MPH)
|
Batting: SHB Nate Kopchak
|
0-0: Ball 1-0: Foul Ball, location: 2F 1-1: Ball 2-1: Ball 3-1: Foul Ball, location: 2F 3-2: SINGLE (Groundball, 4MD, EV 107.5 MPH)
|
Batting: RHB Marcos Villalobos
|
0-0: Ball 1-0: Foul Ball, location: 2F 1-1: Foul Ball, location: 2F 1-2: Ball Wild Pitch! Nate Kopchak to second 2-2: Foul Ball, location: 2F 2-2: Ball 3-2: DOUBLE (Line Drive, 9LM, EV 106.9 MPH) Nate Kopchak scores
|
Batting: LHB Chris Buchan
|
0-0: Ball 1-0: Ball 2-0: Ball 3-0: Base on Balls
|
Batting: SHB Justin Toth
|
0-0: Called Strike 0-1: Foul Ball, location: 2F 0-2: Ball 1-2: Strikes out swinging
|
Pitching: RHP Barney Pederson
|
|
Batting: RHB Aaron Burress
|
0-0: Called Strike 0-1: 3-RUN HOME RUN (Flyball, 78XD, EV 103.8 MPH), Distance : 394 ft
|
Batting: RHB Josh Crenwelge
|
0-0: Ball 1-0: Foul Ball, location: 2F 1-1: Ball 2-1: Foul Ball, location: 2F 2-2: Ball 3-2: SINGLE (Flyball, 89S, EV 93.8 MPH)
|
Batting: RHB Daniel Samano
|
0-0: Swinging Strike 0-1: Ball 1-1: Ground out 4-3 (Groundball, 4, EV 86.2 MPH)
|
Bottom of the 7th over - 4 runs, 4 hits, 0 errors, 1 left on base; Columbia 1 - Tulsa 13 |
TOP OF THE 8TH |
Columbia Fireflies batting - Pitching for Tulsa Drillers : RHP Eddie Usrey
|
Now in LF: Chris Barrera
|
|
Batting: LHB Tony Leyba
|
0-0: Called Strike 0-1: Ball 1-1: Ball 2-1: Foul Ball, location: 2F 2-2: Ball 3-2: Foul Ball, location: 2F 3-2: Base on Balls
|
Pitching: RHP Carlos Llamas
|
|
Pinch Hitting: SHB Justin Wallace
|
0-0: Called Strike 0-1: Foul Ball, location: 2F 0-2: SINGLE (Line Drive, 4M, EV 99.4 MPH) Tony Leyba to second
|
Batting: RHB Jose Lara
|
0-0: Ball 1-0: SINGLE (Line Drive, 8RS, EV 88.1 MPH) Tony Leyba to third Justin Wallace to second Runner from 3rd tries for Home, SAFE, throw by CF to home
|
Batting: RHB Andy Carrell
|
0-0: Foul Ball, location: 2F 0-1: Ball 1-1: Swinging Strike 1-2: Ball 2-2: Ball 3-2: Strikes out swinging
|
Batting: RHB Dan Muse
|
0-0: Called Strike 0-1: Ball 1-1: Ball 2-1: Ball 3-1: Foul Ball, location: 2F 3-2: Grounds into double play, 6-4-3 (Groundball, 6, EV 101.9 MPH)
|
Top of the 8th over - 1 run, 2 hits, 0 errors, 1 left on base; Columbia 2 - Tulsa 13 |
BOTTOM OF THE 8TH |
Tulsa Drillers batting - Pitching for Columbia Fireflies : RHP Barney Pederson
|
Now at 1B: Justin Wallace
|
|
Now in RF: Andy Carrell
|
|
Batting: RHB Jonathan Kirsch
|
0-0: DOUBLE (Line Drive, 7LM, EV 106.2 MPH)
|
Batting: LHB Chris Barrera
|
0-0: SINGLE (Groundball, 6M, EV 78.1 MPH) (infield hit) Jonathan Kirsch to third
|
Batting: SHB Nate Kopchak
|
0-0: Ball 1-0: Ball 2-0: Called Strike 2-1: Called Strike 2-2: Ball 3-2: Fly out, F8 (Flyball, 8LD, EV 88.8 MPH)
|
Batting: RHB Marcos Villalobos
|
0-0: Called Strike 0-1: Foul Ball, location: 2F 0-2: Foul Ball, location: 2F 0-2: Strikes out swinging
|
Batting: LHB Chris Buchan
|
0-0: Called Strike 0-1: Ball 1-1: Ball 2-1: Called Strike 2-2: Ball 3-2: Foul Ball, location: 2F 3-2: Ground out 6-3 (Groundball, 4, EV 98.8 MPH)
|
Bottom of the 8th over - 0 runs, 2 hits, 0 errors, 2 left on base; Columbia 2 - Tulsa 13 |
TOP OF THE 9TH |
Columbia Fireflies batting - Pitching for Tulsa Drillers : RHP Carlos Llamas
|
Batting: RHB Fathi Addae
|
0-0: Called Strike 0-1: Ball 1-1: Ground out 6-3 (Groundball, 6, EV 105.0 MPH)
|
Batting: RHB David Reyna
|
0-0: Foul Ball, location: 2F 0-1: Called Strike 0-2: Ball 1-2: Foul Ball, location: 2F 1-2: Ball 2-2: Ball 3-2: Base on Balls
|
Batting: RHB Omar Novoa
|
0-0: Ball 1-0: Ball 2-0: Fly out, F8 (Flyball, 8RS, EV 83.8 MPH)
|
Batting: RHB Elias Urbina
|
0-0: Ball 1-0: Foul Ball, location: 2F 1-1: Foul Ball, location: 2F 1-2: Ball 2-2: Ground out 5-3 (Groundball, 56S, EV 91.2 MPH)
|
Top of the 9th over - 0 runs, 0 hits, 0 errors, 1 left on base; Columbia 2 - Tulsa 13 |
|